 Dungeon Crawl Stone Soup version 0.21.1-1-g345015f (webtiles) character file.

3048 diana the Bludgeoner (level 9, -1/56 HPs)
             Began as a Minotaur Berserker on June 2, 2018.
             Was an Elder of Trog.
             Slain by a long sword of holy wrath (12 damage)
             ... on level 3 of the Abyss.
             The game lasted 00:13:34 (6224 turns).

diana the Bludgeoner (Minotaur Berserker)           Turns: 6224, Time: 00:13:35

Health: -1/56      AC:  6    Str: 31 (33) XL:     9   Next: 57%
Magic:  8/8        EV:  8    Int:  4      God:    Trog [****..]
Gold:   531        SH:  0    Dex:  5 (7)  Spells: 8/8 levels left

rFire    . . .     SeeInvis .   a - +0 mace
rCold    . . .     Gourm    .   (no shield)
rNeg     . . .     Faith    .   p - +0 plate armour
rPois    .         Spirit   .   (helmet restricted)
rElec    .         Reflect  .   (no cloak)
rCorr    .         Harm     .   (no gloves)
MR       .....     Rnd*Rage +   (no boots)
Stlth    ..........             (no amulet)
HPRegen  0.18/turn              s - +4 ring of strength
MPRegen  0.11/turn              J - +5 ring of strength

@: about to teleport, hasted, drained, very quick
A: retaliatory headbutt, horns 2, [berserk 2], [blurry vision 3], [clumsy 2],
[deformed body], [deterioration 2], [frail 2], [no potion heal 3], [MP-powered
wands]
a: Berserk, Trog's Hand, Brothers in Arms, Burn Spellbooks, Renounce Religion


You were on level 3 of the Abyss.
You worshipped Trog.
Trog was greatly pleased with you.
You were very hungry.

You visited 1 branch of the dungeon, and saw 7 of its levels.
You visited the Abyss 1 time.
You also visited: Sewer.

You collected 531 gold pieces.

Inventory:

Hand Weapons
 a - a +0 mace (weapon)
Missiles
 l - a throwing net (quivered)
Armour
 b - a +0 animal skin
 p - a +0 plate armour (worn)
Jewellery
 s - a +4 ring of strength (left hand)
 w - an uncursed ring of resist corrosion
 z - an uncursed ring of magical power
 J - a +5 ring of strength (right hand)
 M - a cursed ring of teleportation {unknown}
Wands
 u - a wand of paralysis (14)
 G - a wand of acid (6)
 L - a wand of iceblast (10)
Scrolls
 d - a scroll of enchant weapon {unknown}
 e - 4 scrolls of amnesia {unknown}
 f - 3 scrolls of teleportation
 g - 5 scrolls of magic mapping
 k - a scroll of immolation {unknown}
 m - 2 scrolls of random uselessness
 q - 2 scrolls of fog {unknown}
 r - a scroll of noise
 v - a scroll of blinking {unknown}
 y - a scroll of identify
 B - a scroll of remove curse
 C - a scroll of vulnerability {unknown}
 K - a scroll of enchant armour {unknown}
Potions
 h - 4 potions of might
 i - 2 potions of agility {unknown}
 j - a potion of degeneration {unknown}
 n - 2 potions of magic {unknown}
 t - 3 potions of curing {unknown}
 x - 2 potions of heal wounds {unknown}
 A - 2 potions of brilliance {unknown}
 D - 2 potions of ambrosia {unknown}
 E - 3 potions of lignification {unknown}
 F - 2 potions of flight {unknown}
 H - a potion of mutation {unknown}
Comestibles
 c - 13 rations


   Skills:
 - Level 4.0(3.5) Fighting
 + Level 15.2(14.6) Maces & Flails
 - Level 2.6(2.2) Armour
 - Level 2.4(1.9) Dodging


You had 8 spell levels left.
You didn't know any spells.

Dungeon Overview and Level Annotations

Branches:
Dungeon (7/15)             Temple (0/1) D:6

Altars:
Cheibriados
Elyvilon
Kikubaaqudgha
Ru
Wu Jian
The Shining One

Shops:
D:6 *   D:7 :

Annotations:
Abyss:3 1 transporter


Innate Abilities, Weirdness & Mutations

You reflexively headbutt those who attack you in melee.
You have a pair of horns on your head.
[You often lose your temper in combat.]
[Scrolls take you much longer to read.]
[You are very clumsy. (Dex -4)]
[Armour fits poorly on your strangely shaped body.]
[Your body often deteriorates upon taking damage.]
[You are very frail. (-20% HP)]
[Potions cannot restore your health.]
[You expend magic power (3 MP) to strengthen your wands.]


Message History

Your body deteriorates!
You feel clumsy.
The long sword of holy wrath hits you but does no damage.
Okay, then.
Really read with blurry vision while enemies are nearby? [Y]es or [N]o only, please.
Really read with blurry vision while enemies are nearby?
The long sword of holy wrath barely misses you.
You begin reading the scroll.
You continue reading the scroll.
The long sword of holy wrath hits you!
* * * LOW HITPOINT WARNING * * *
Your body deteriorates!
You feel weakened.
You continue reading the scroll.
The long sword of holy wrath barely misses you.
The long sword of holy wrath hits you.
* * * LOW HITPOINT WARNING * * *
As you read the scroll of teleportation, it crumbles to dust.
You feel strangely unstable.
You feel the power of the Abyss delaying your translocation!
You feel yourself speed up. The long sword of holy wrath hits you!
You die...

..##. .
##...%#.# .
###......# ...
#...#...... ....
#.......# #...
$#.##.#.#
.#...###...#. .
.........###.#..
..###.@..#...
##(..#.# ##...#
#...#### #......
#..#... #..#...#
#.####... ..# #.


You could see a long sword of holy wrath.

Vanquished Creatures
  The ghost of olivier the Shield-Bearer, a novice GrFi (D:4)
  Eustachio (D:6)
  Menkaure (D:7)
  4 ogres
  A sky beast (D:6)
  2 centaurs
  A crocodile (D:7)
  A small abomination (Abyss:3)
  6 bullfrogs
  2 scorpions
  A crimson imp (D:6)
  2 hounds (D:5)
  7 orc priests
  A jelly (D:7)
  A bullfrog skeleton (D:5)
  A centaur skeleton (D:7)
  An iguana (D:7)
  Natasha (D:2)
  9 orc wizards
  8 worker ants
  A hound zombie (D:6)
  4 gnolls (D:7)
  9 adders
  4 river rats
  2 shadow imps
  An ooze (D:1)
  An adder skeleton (D:6)
  An adder zombie (D:7)
  4 worms
  3 dart slugs
  8 leopard geckos
  21 orcs
  6 ball pythons
  8 bats
  5 giant cockroaches
  8 goblins
  6 hobgoblins
  6 jackals
  7 kobolds
  3 quokkas
  13 frilled lizards
  A leopard gecko skeleton (D:5)
  13 rats
187 creatures vanquished.

Vanquished Creatures (collateral kills)
  A smoke demon (Abyss:3)
1 creature vanquished.

Vanquished Creatures (others)
  3 starspawn tentacles (Abyss:3)
3 creatures vanquished.

Grand Total: 191 creatures vanquished

Notes
Turn   | Place    | Note
-------+----------+-------------------------------------------
     0 | D:1      | diana the Minotaur Berserker began the quest for the Orb.
     0 | D:1      | Reached XP level 1. HP: 19/19 MP: 0/0
   180 | D:1      | Reached XP level 2. HP: 21/27 MP: 1/1
   182 | D:1      | Reached skill level 4 in Maces & Flails
   575 | D:1      | Reached XP level 3. HP: 26/33 MP: 2/2
   966 | D:2      | Reached ** piety under Trog
  1001 | D:2      | Reached skill level 5 in Maces & Flails
  1028 | D:2      | Reached XP level 4. HP: 10/40 MP: 3/3
  1255 | D:2      | Found an ancient bone altar of Kikubaaqudgha.
  1328 | D:2      | Noticed Natasha
  1336 | D:2      | Killed Natasha
  1336 | D:2      | Reached skill level 6 in Maces & Flails
  1768 | D:3      | Found a white marble altar of Elyvilon.
  1768 | D:3      | Found a glowing golden altar of the Shining One.
  1773 | D:3      | Found a faded altar of an unknown god.
  1775 | D:3      | Found a faded altar of an unknown god.
  1775 | D:3      | Noticed a bullfrog
  1781 | D:3      | Killed a bullfrog
  1781 | D:3      | Reached XP level 5. HP: 30/46 MP: 4/4
  1785 | D:3      | Found a sacrificial altar of Ru.
  1841 | D:3      | Reached skill level 7 in Maces & Flails
  2193 | D:4      | Reached XP level 6. HP: 44/52 MP: 5/5
  2228 | D:4      | Reached *** piety under Trog
  2425 | D:4      | Noticed olivier's ghost (novice GrFi)
  2443 | D:3      | Reached skill level 8 in Maces & Flails
  3159 | D:4      | Found a snail-covered altar of Cheibriados.
  3178 | D:4      | Killed olivier's ghost
  3178 | D:4      | Reached skill level 9 in Maces & Flails
  3178 | D:4      | Reached XP level 7. HP: 59/59 MP: 6/6
  3246 | D:4      | Reached skill level 10 in Maces & Flails
  3285 | D:4      | Found a snail-covered altar of Cheibriados.
  3500 | D:5      | Entered Level 5 of the Dungeon
  3606 | D:5      | Reached skill level 11 in Maces & Flails
  3618 | D:5      | Reached XP level 8. HP: 33/66 MP: 7/7
  3798 | D:5      | Found a glowing drain.
  3802 | Sewer    | Entered a sewer
  3815 | Sewer    | Reached **** piety under Trog
  4209 | D:5      | Reached skill level 12 in Maces & Flails
  4343 | D:5      | Found an ornate altar of the Wu Jian Council.
  5036 | D:6      | Noticed Eustachio
  5064 | D:6      | Killed Eustachio
  5064 | D:6      | Reached skill level 13 in Maces & Flails
  5157 | D:6      | Found a staircase to the Ecumenical Temple.
  5169 | D:6      | Found Tiwofe's General Store.
  5216 | D:6      | Reached XP level 9. HP: 56/71 MP: 8/8
  5600 | D:6      | Reached ***** piety under Trog
  5600 | D:6      | Reached skill level 14 in Maces & Flails
  6039 | D:7      | Noticed Menkaure
  6049 | D:7      | Killed Menkaure
  6080 | D:7      | Found Ejuhey Maer's Book Shop.
  6129 | D:7      | Reached skill level 15 in Maces & Flails
  6135 | D:7      | Cast into level 1 of the Abyss (gnoll)
  6190 | Abyss:2  | Noticed a vampire mage
  6190 | Abyss:3  | Found a transporter.
  6190 | Abyss:3  | Found a corrupted altar of Lugonu.
  6194 | Abyss:3  | Noticed a smoke demon
  6194 | Abyss:3  | Noticed a tentacled starspawn
  6195 | Abyss:3  | Noticed a wretched star
  6195 | Abyss:3  | Noticed an orc sorcerer
  6196 | Abyss:3  | Noticed a wretched star
  6200 | Abyss:3  | Noticed a vampire mage
  6202 | Abyss:3  | Killed a smoke demon
  6203 | Abyss:3  | Noticed a tentacled starspawn
  6206 | Abyss:3  | Noticed a wretched star
  6214 | Abyss:3  | Noticed a long sword of holy wrath
  6224 | Abyss:3  | Slain by a long sword of holy wrath

Skill      XL: |  1  2  3  4  5  6  7  8  9 |
---------------+----------------------------+-----
Maces & Flails | 4 5 6 7 9 11 13 15 | 15.2
Fighting       | 4 |  4.0
Armour         | |  2.6
Dodging        | |  2.4

Action                   |  1- 3 |  4- 6 |  7- 9 || total
-------------------------+-------+-------+-------++-------
Melee: Mace              |    77 |   135 |   335 ||   547
       Headbutt          |    12 |    22 |    61 ||    95
Invok: Berserk           |       |     2 |     1 ||     3
       Burn Spellbooks   |       |       |     1 ||     1
       Trog's Hand       |       |       |     1 ||     1
       Brothers in Arms  |       |       |     3 ||     3
Evoke: Wand              |       |       |     1 ||     1
  Use: Potion            |       |     2 |     2 ||     4
       Scroll            |       |       |    11 ||    11
 Stab: Sleeping          |     1 |       |       ||     1
  Eat: Chunk             |       |     6 |    11 ||    17
       Ration            |       |     1 |       ||     1
Armor: Animal skin       |    13 |     3 |       ||    16
       Skin              |       |    16 |       ||    16
       Plate armour      |       |    73 |   157 ||   230
Dodge: Dodged            |    47 |    61 |   115 ||   223
